 Dungeon Crawl Stone Soup version 0.20-a0-947-g2784f4f (webtiles) character file.

324167 nikopol the Impaler (level 21, -8/137 HPs)
             Began as a Gargoyle Berserker on Apr 2, 2017.
             Was the Champion of Trog.
             Mangled by a yaktaur captain (27 damage)
             ... on level 4 of the Vaults.
             The game lasted 04:34:33 (66820 turns).

nikopol the Impaler (Gargoyle Berserker)           Turns: 66820, Time: 04:34:34

Health: -8/137     AC: 48    Str: 28    XL:     21   Next: 59%
Magic:  7/7        EV: 18    Int:  9    God:    Trog [******]
Gold:   2631       SH:  0    Dex: 18    Spells: 20/20 levels left

rFire    . . .     SeeInvis +   a - +3 glaive (antimagic)
rCold    + . .     Gourm    +   (shield currently unavailable)
rNeg     + + +     Faith    .   W - +7 chain mail "Dassof" {rN++ Str+4}
rPois    ∞         Spirit   .   I - +2 hat
rElec    +         Reflect  .   y - +2 cloak
rCorr    +         Harm     .   M - +1 pair of gloves
MR       +....                  H - +2 pair of boots {Stlth+}
Stlth    ..........             w - amulet "Anuidiqy" {Gourm rC+ SInv}
Regen    0.4/turn               G - ring of resist corrosion
MPRegen  0.1/turn               T - +3 ring of dexterity

@: exhausted, flying, slowed, very slow
A: big wings, negative energy resistance 1, electricity resistance, unbreathing,
petrification resistance, rot immunity, AC +15
}: 2/15 runes: barnacled, gossamer
a: Stop Flying, Berserk, Trog's Hand, Brothers in Arms, Burn Spellbooks,
Renounce Religion


You were on level 4 of the Vaults.
You worshipped Trog.
Trog was exalted by your worship.
You were very full.

You visited 6 branches of the dungeon, and saw 35 of its levels.
You visited the Abyss 1 time.

You collected 3933 gold pieces.
You spent 1302 gold pieces at shops.

Inventory:

Hand Weapons
 a - a +3 antimagic glaive (weapon)
 z - the +11 longbow of Nuatt {venom, rPois}
   (Trog gifted it to you on level 4 of the Spider Nest)

   It poisons the ammo it fires.
   It protects you from poison.
 D - a +3 bardiche
 S - a +0 bardiche of flaming
Missiles
 s - 882 arrows (quivered)
Armour
 y - a +2 cloak (worn)
 H - a +2 pair of boots of stealth (worn)
 I - a +2 hat (worn)
 M - a +1 pair of gloves (worn)
 W - the +7 chain mail "Dassof" (worn) {rN++ Str+4}
   (You bought it in a shop on level 2 of the Vaults)

   It affects your strength (+4).
   It greatly protects you from negative energy.
Jewellery
 i - an uncursed ring of protection from cold
 u - an uncursed ring of positive energy
 w - the amulet "Anuidiqy" (around neck) {Gourm rC+ SInv}
   (You found it on level 11 of the Dungeon)

   [amulet of the gourmand]

   It allows you to eat raw meat even when not hungry.
   It protects you from cold.
   It lets you see invisible.
 G - a ring of resist corrosion (left hand)
 P - an uncursed ring of protection from cold
 T - a +3 ring of dexterity (right hand)
Wands
 b - a wand of polymorph (14/24)
 x - a wand of disintegration (5/24)
 B - a wand of lightning (4/15)
 F - a wand of paralysis (7/24)
 Q - a wand of scattershot (6/9)
Scrolls
 e - 10 scrolls of remove curse
 g - 3 scrolls of magic mapping
 l - 7 scrolls of identify
 m - 6 scrolls of teleportation
 n - 6 scrolls of enchant weapon
 r - 3 scrolls of fog
 C - 2 scrolls of enchant armour
 E - a scroll of acquirement {unknown}
 J - 4 scrolls of fear
 R - 4 scrolls of blinking
 Z - 2 scrolls of recharging
Potions
 d - 2 potions of agility
 h - 3 potions of cancellation
 j - 6 potions of magic
 o - 4 potions of haste
 p - 7 potions of heal wounds
 q - 19 potions of curing
 v - 2 potions of berserk rage
 A - 4 potions of brilliance
 K - 3 potions of might
 L - 2 potions of resistance
 N - a potion of invisibility
 O - 4 potions of ambrosia
 V - a potion of lignification {unknown}
Comestibles
 c - 18 bread rations
 f - 32 fruits
 k - 37 royal jellies
 t - 18 meat rations


   Skills:
 + Level 16.6 Fighting
   Level 4.7 Maces & Flails
 * Level 18.1 Polearms
 * Level 17.9 Bows
 + Level 16.5 Armour
 + Level 13.0 Dodging


You had 20 spell levels left.
You didn't know any spells.

Dungeon Overview and Level Annotations

Branches:
Dungeon (15/15)            Temple (0/1) D:5            Lair (6/6) D:11
 Shoals (4/4) Lair:3       Spider (4/4) Lair:3        Slime (0/5) Lair:5
    Orc (2/2) D:10            Elf (0/3) Orc:2        Vaults (4/5) D:13
  Crypt (0/3) Vaults:3     Depths (0/5) D:15

Altars:
Cheibriados
Elyvilon
Hepliaklqana
Kikubaaqudgha
Makhleb
Okawaru
Qazlal
Ru
Sif Muna
Trog
Wu Jian
Yredelemnul

Shops:
D:4 :   D:8 }   D:12 =   D:13 }   Orc:1 }   Orc:2 :[**:   Shoals:3 }
Shoals:4 (   Vaults:2 ?[


Innate Abilities, Weirdness & Mutations

You are resistant to torment.
Your stone body is resilient. (AC +15)
You are immune to poison.
Your large and strong wings let you fly indefinitely.
You resist negative energy. (rN+)
You are resistant to electric shocks. (rElec)
You can survive without breathing.
You are immune to petrification.
You are immune to rotting.


Message History

The ironbrand convoker is almost dead.
The ironbrand convoker hits you but does no damage.
The orc knight hits you but does no damage.
The yaktaur hits you but does no damage.
The yaktaur captain hits you but does no damage.
You slice the ironbrand convoker!!
You kill the ironbrand convoker!
Trog accepts your kill.
Trog appreciates your killing of a magic user.
The yaktaur completely misses you.
The yaktaur captain hits you but does no damage.
The orc knight closely misses you. The yaktaur barely misses you.
The yaktaur captain barely misses you. The orc knight barely misses you.
You reach down and open the door.
The yaktaur completely misses you. The yaktaur captain hits you!!
* * * LOW HITPOINT WARNING * * *
The orc knight hits you but does no damage.
The yaktaur completely misses you. The yaktaur captain hits you!!
You die...

#........#..+......'..#.....
#........####.#..#.####.....
######)########......((....'.....
.......# #......(.....#.....
.......# ####.#..#.#########
###'##### #..'.(....'..#
........# #))#o#..#+#..#
##'####.# #c().#.<#....# #.....#
#c@).#..#....# #.....#
####'########### #.....#
#..............###### #.....#
#..............#..... #.....#
#...########...'..... ####+##.#
#...#......#...#..... ........#
#...#......'...###### ###'#####
#...#......#...# ....)..#
#...#......#...#


You could see a yaktaur captain, an orc knight and a yaktaur.

Vanquished Creatures
  Saint Roka (Vaults:4)
  Arachne (Spider:2)
  Polyphemus (Shoals:4)
  A shadow dragon (Vaults:3)
  A sphinx (Vaults:3)
  A storm dragon (Vaults:3)
  Ilsuiw (Shoals:4)
  2 vault wardens
  6 ghost moths
  6 emperor scorpions
  Louise (Spider:4)
  11 ironheart preservers
  5 stone giants
  8 entropy weavers
  A vampire knight (Vaults:3)
  A black draconian (Abyss:2)
  A deep elf annihilator (Vaults:2)
  A spark wasp (Spider:4)
  5 merfolk javelineers (Shoals:4)
  5 fire dragons
  6 yaktaur captains
  3 great orbs of eyes
  8 merfolk impalers
  Harold (D:11)
  The ghost of dvd the Grappler, a journeyman TrFi of Wu Jian (D:10)
  11 hydras
  6 ice dragons
  3 vault guards (Vaults:4)
  The ghost of RumaTero the Grappler, a journeyman VSMo of Wu Jian (D:11)
  2 alligator snapping turtles (Shoals:4)
  A catoblepas (Shoals:4)
  10 death yaks
  2 merfolk avatars
  5 satyrs
  3 death knights
  A merfolk aquamancer (Shoals:4)
  5 centaur warriors
  4 deep troll earth magi (Vaults:3)
  25 two-headed ogres
  A deep troll shaman (Vaults:4)
  3 tengu warriors
  6 ogre magi
  A hell knight (Vaults:1)
  3 orc high priests (Orc:2)
  5 deep elf knights
  3 shadow wraiths (Vaults:1)
  6 unseen horrors
  13 deep trolls
  6 sea snakes
  2 wizards
  A kraken simulacrum (Shoals:4)
  A deep elf archer (Vaults:3)
  A flayed ghost (Vaults:1)
  11 ironbrand convokers
  12 orc knights
  A lindwurm (Lair:6)
  An obsidian statue (Vaults:2)
  3 phantasmal warriors
  27 harpies
  A necromancer (Vaults:4)
  2 wolf spider zombies (D:15)
  Pikel (D:8)
  24 ugly things
  18 orb spiders
  3 oklob plants (Lair:5)
  43 wolf spiders
  7 orc sorcerers
  7 deep elf magi
  A moth of wrath (Spider:2)
  20 manticores
  17 fauns
  7 cyclopes
  A manticore (shapeshifter) (Vaults:4)
  7 elephants
  4 black mambas
  Joseph (D:8)
  A human skeleton (Vaults:4)
  A black mamba (shapeshifter) (Vaults:2)
  10 merfolk sirens
  6 vault sentinels
  2 molten gargoyles (Lair:6)
  A smoke demon (Abyss:2)
  2 torpor snails
  A torpor snail (shapeshifter) (D:13)
  9 water nymphs
  2 orange demons (Abyss:2)
  Psyche (D:8)
  2 gargoyles
  13 spiny frogs
  A rime drake (Lair:6)
  26 yaktaurs
  15 demonic crawlers
  4 kobold demonologists (D:15)
  11 komodo dragons
  An ancient zyme (Abyss:2)
  8 freezing wraiths
  12 trolls
  48 jumping spiders
  9 hornets
  2 queen bees
  A polar bear (Lair:6)
  25 merfolk
  3 meliai
  2 meliai (shapeshifter) (Vaults:2)
  3 wind drakes
  19 blink frogs
  9 snapping turtles
  8 slime creatures
  14 raiju (Abyss:2)
  A fire dragon zombie (Abyss:2)
  11 hippogriffs
  A raiju (shapeshifter) (D:13)
  A stone giant simulacrum (Vaults:1)
  58 tarantellas
  4 vampires
  6 wraiths
  136 redbacks
  8 wyverns
  3 water elementals
  40 yaks
  A ynoxinul (Abyss:2)
  2 shadows
  A fire elemental (Lair:1)
  4 hungry ghosts
  3 fire bats (Lair:1)
  2 neqoxecs (Abyss:2)
  A hog (shapeshifter) (D:14)
  5 vampire mosquitoes
  2 wargs
  7 basilisks
  A deep troll zombie (Vaults:4)
  4 large abominations (Abyss:2)
  2 acid dragons
  14 water moccasins
  A soldier ant (D:15)
  4 hell hounds (Lair:6)
  4 phantoms
  11 porcupines
  A black bear (D:10)
  4 sky beasts
  6 ice beasts
  An eye of draining (D:13)
  A black bear (shapeshifter) (Vaults:2)
  An eye of draining (shapeshifter) (D:13)
  2 hornet zombies
  38 orc warriors
  A necrophage (D:10)
  7 wolves
  30 centaurs
  23 ogres
  13 boggarts
  11 crocodiles
  2 big kobolds
  A human zombie (Vaults:4)
  2 gnoll sergeants
  Blork the orc (Orc:2)
  19 bullfrogs
  4 earth elementals (D:14)
  A wyvern zombie (D:10)
  2 wyvern skeletons (D:13)
  39 scorpions
  41 killer bees
  2 human simulacra
  8 howler monkeys
  11 wights
  An electric eel (Spider:4)
  9 crimson imps
  A quasit (D:13)
  A centaur zombie (D:6)
  6 lava snakes
  9 hounds
  An iron imp (Abyss:2)
  4 jellies
  3 bullfrog skeletons
  3 gnoll shamans (D:3)
  19 orc priests
  30 orc wizards
  8 centaur skeletons
  3 iguanas
  11 worker ants
  5 small abominations (Abyss:2)
  A hound zombie (D:6)
  2 hound skeletons
  2 worker ant zombies
  50 gnolls
  A howler monkey skeleton (D:11)
  13 adders
  4 shadow imps
  An ooze (D:3)
  3 ufetubi
  An adder zombie (D:8)
  An adder skeleton (D:9)
  4 dart slugs
  4 worms
  6 leopard geckos
  91 orcs
  3 giant cockroaches
  2 goblins
  2 hobgoblins (D:1)
  16 jackals
  16 kobolds
  4 quokkas
  2 bats (D:1)
  5 frilled lizards
  A jackal skeleton (D:5)
  A jackal zombie (D:9)
  A leopard gecko skeleton (D:4)
  5 rats
  18 fungi
  A lurking horror (Abyss:2)
  31 plants
  A starspawn tentacle (Abyss:2)
  A tentacle (Shoals:4)
1719 creatures vanquished.

Vanquished Creatures (collateral kills)
  The ghost of Malvoorn the Carver, an adept DsAK of Lugonu (Shoals:1)
  2 emperor scorpions (Spider:1)
  2 hydras
  A two-headed ogre (D:7)
  A death yak (Lair:4)
  A wolf spider (Spider:1)
  A demonic crawler (Lair:3)
  2 jumping spiders (Spider:1)
  3 redbacks (Spider:1)
  A crimson imp (D:7)
15 creatures vanquished.

Vanquished Creatures (others)
  A boggart (Vaults:3)
  2 scorpions (Spider:1)
  A crimson imp (D:8)
  An orc (D:8)
  2 bushes (Lair:5)
  35 fungi
  A lurking horror (Abyss:2)
  20 plants
  2 tentacles (Shoals:4)
65 creatures vanquished.

Grand Total: 1799 creatures vanquished

Notes
Turn   | Place    | Note
-------+----------+-------------------------------------------
     0 | D:1      | nikopol the Gargoyle Berserker began the quest for the Orb.
     0 | D:1      | Reached XP level 1. HP: 14/14 MP: 1/1
   315 | D:1      | Reached XP level 2. HP: 18/19 MP: 2/2
  1169 | D:2      | Reached XP level 3. HP: 19/23 MP: 3/3
  1521 | D:2      | Found a hazy altar of Hepliaklqana.
  1880 | D:2      | Found a stormy altar of Qazlal.
  1891 | D:2      | Reached XP level 4. HP: 27/29 MP: 4/4
  2067 | D:2      | Found a deep blue altar of Sif Muna.
  2504 | D:3      | Reached ** piety under Trog
  2508 | D:3      | Reached XP level 5. HP: 25/33 MP: 5/5
  3020 | D:3      | Reached XP level 6. HP: 39/39 MP: 6/6
  3085 | D:3      | Reached skill level 5 in Fighting
  3085 | D:3      | Reached XP level 7. HP: 33/44 MP: 7/7
  3613 | D:3      | Reached skill level 1 in Polearms
  3952 | D:3      | Reached *** piety under Trog
  4040 | D:3      | Reached skill level 5 in Armour
  4394 | D:4      | Reached skill level 2 in Polearms
  4394 | D:4      | Reached XP level 8. HP: 50/50 MP: 2/8
  4761 | D:4      | Found a white marble altar of Elyvilon.
  4793 | D:4      | Reached skill level 3 in Polearms
  5088 | D:4      | Found Etuob's Book Emporium.
  5351 | D:5      | Entered Level 5 of the Dungeon
  5358 | D:5      | Reached **** piety under Trog
  5489 | D:5      | Found a sacrificial altar of Ru.
  5508 | D:5      | You fall through a shaft for 3 floors!
  5519 | D:8      | Reached skill level 4 in Polearms
  5554 | D:7      | Noticed a two-headed ogre
  5564 | D:7      | Killed a two-headed ogre
  5564 | D:7      | Reached skill level 5 in Polearms
  5564 | D:7      | Reached XP level 9. HP: 14/57 MP: 3/9
  5590 | D:7      | Noticed a two-headed ogre
  5595 | D:7      | Killed a two-headed ogre
  5595 | D:7      | Reached skill level 5 in Dodging
  6233 | D:5      | Reached skill level 6 in Polearms
  6278 | D:5      | Found a staircase to the Ecumenical Temple.
  6757 | D:6      | Reached XP level 10. HP: 37/64 MP: 3/10
  7498 | D:6      | Reached ***** piety under Trog
  7610 | D:7      | Reached skill level 1 in Bows
  7889 | D:8      | Noticed Psyche
  8035 | D:8      | Killed Psyche
  8035 | D:8      | Reached skill level 7 in Polearms
  8083 | D:8      | Found a bloodstained altar of Trog.
  8089 | D:8      | Found an ancient bone altar of Kikubaaqudgha.
  8092 | D:8      | Found a burning altar of Makhleb.
  8192 | D:8      | Found an ornate altar of the Wu Jian Council.
  8293 | D:8      | Noticed Pikel
  8322 | D:8      | Killed Pikel
  8471 | D:8      | Found Unaonuenu's Gadget Emporium.
  8497 | D:8      | Noticed Joseph
  8517 | D:8      | Killed Joseph
  8588 | D:8      | Found a snail-covered altar of Cheibriados.
  8718 | D:9      | Found a runed door.
  9023 | D:9      | Found an iron altar of Okawaru.
  9127 | D:9      | Received a gift from Trog
  9200 | D:10     | Entered Level 10 of the Dungeon
  9223 | D:10     | Noticed a two-headed ogre
  9239 | D:10     | Killed a two-headed ogre
  9239 | D:10     | Reached skill level 8 in Polearms
  9239 | D:10     | Reached XP level 11. HP: 25/69 MP: 3/11
  9490 | D:10     | Found a staircase to the Orcish Mines.
  9539 | D:10     | Noticed a two-headed ogre
  9547 | D:10     | Killed a two-headed ogre
  9634 | D:10     | Reached skill level 5 in Bows
  9968 | D:10     | Noticed dvd's ghost (journeyman TrFi)
 10000 | D:10     | Killed dvd's ghost
 10206 | D:10     | Noticed a two-headed ogre
 10211 | D:10     | Killed a two-headed ogre
 10607 | D:10     | Noticed a two-headed ogre
 10627 | D:10     | Killed a two-headed ogre
 10627 | D:10     | Reached skill level 9 in Polearms
 11106 | D:11     | Noticed Harold
 11391 | D:11     | Killed Harold
 11431 | D:11     | Received a gift from Trog
 11459 | D:11     | Reached XP level 12. HP: 72/77 MP: 4/12
 11507 | D:11     | Noticed RumaTero's ghost (journeyman VSMo)
 11527 | D:11     | Killed RumaTero's ghost
 11609 | D:11     | Got a fine ivory amulet
 12282 | D:11     | Found a staircase to the Lair.
 12557 | Lair:1   | Entered Level 1 of the Lair of Beasts
 12620 | Lair:1   | Reached skill level 10 in Fighting
 12916 | Lair:1   | Identified the amulet "Anuidiqy" {Gourm rC+ SInv} (You found it on level 11 of the Dungeon)
 14363 | Lair:1   | Received a gift from Trog
 14393 | Lair:1   | Reached skill level 10 in Polearms
 15317 | Lair:2   | Noticed a five-headed hydra
 15338 | Lair:2   | Killed a five-headed hydra
 15338 | Lair:2   | Reached skill level 10 in Armour
 16033 | Lair:3   | Found a staircase to the Shoals.
 16302 | Lair:3   | Found a hole to the Spider Nest.
 16312 | Lair:3   | Reached XP level 13. HP: 83/83 MP: 5/13
 18752 | Lair:4   | Reached skill level 11 in Polearms
 18863 | Lair:4   | Reached ****** piety under Trog
 19057 | Lair:4   | Received a gift from Trog
 19063 | Lair:4   | Got a steaming shortbow {god gift}
 19064 | Lair:4   | Identified the +1 shortbow of Tuplipp {flame, rC- rN+ Str-5 Dex+8} (Trog gifted it to you on level 4 of the Lair of Beasts)
 19974 | Lair:5   | Reached skill level 10 in Bows
 21831 | Lair:5   | Gained mutation: Your large and strong wings let you fly indefinitely. [Gargoyle growth]
 21831 | Lair:5   | Reached XP level 14. HP: 78/90 MP: 4/14
 22868 | Lair:5   | Found a staircase to the Slime Pits.
 25521 | Lair:6   | Entered Level 6 of the Lair of Beasts
 26075 | Lair:6   | Reached skill level 12 in Polearms
 26940 | Lair:6   | Received a gift from Trog
 27293 | Lair:6   | Found a large runed door.
 27399 | Lair:6   | Found a large runed door.
 27763 | Lair:6   | Received a gift from Trog
 28354 | Lair:6   | Received a gift from Trog
 28592 | Orc:1    | Entered Level 1 of the Orcish Mines
 28592 | Orc:1    | Found Wuuxt's Gadget Boutique.
 28904 | D:10     | Received a gift from Trog
 29682 | Orc:1    | Found a bloodstained altar of Trog.
 29713 | Orc:1    | Reached XP level 15. HP: 91/96 MP: 15/15
 29887 | Orc:2    | Entered Level 2 of the Orcish Mines
 29890 | Orc:2    | Received a gift from Trog
 29983 | Orc:2    | Found Ynothilurph's Book Boutique.
 30133 | Orc:2    | Found a staircase to the Elven Halls.
 30167 | Orc:2    | Noticed Blork the orc
 30177 | Orc:2    | Killed Blork the orc
 30857 | Orc:2    | Received a gift from Trog
 32009 | Orc:2    | Found Beniereg's Book Emporium.
 32009 | Orc:2    | Found Sawkyged's Antique Armour Shop.
 32014 | Orc:2    | Found Hiuwno's General Store.
 32014 | Orc:2    | Found Qeiskor's Assorted Antiques.
 32043 | Orc:2    | Bought an encrusted chain mail for 313 gold pieces
 32054 | Orc:2    | Identified the +5 chain mail of the Planets {Str+5} (You bought it in a shop on level 2 of the Orcish Mines)
 32065 | Orc:2    | Bought a scroll of enchant weapon for 135 gold pieces
 32065 | Orc:2    | Bought a potion of heal wounds for 90 gold pieces
 32066 | Orc:2    | Bought a potion of heal wounds for 180 gold pieces
 32918 | D:12     | Received a gift from Trog
 33087 | D:12     | Found Buehukk's Jewellery Boutique.
 33225 | D:12     | Reached skill level 13 in Polearms
 33248 | D:12     | Found a stormy altar of Qazlal.
 34128 | D:13     | Found Iteynlie's Gadget Shoppe.
 34653 | D:13     | Found a gate to the Vaults.
 34715 | D:13     | Received a gift from Trog
 35963 | D:14     | Reached XP level 16. HP: 103/103 MP: 16/16
 36755 | D:14     | Found a basalt altar of Yredelemnul.
 37033 | D:15     | Entered Level 15 of the Dungeon
 37418 | D:15     | Found a staircase to the Depths.
 37758 | D:14     | Received a gift from Trog
 38906 | D:15     | Reached skill level 10 in Dodging
 39562 | D:14     | You fall through a shaft!
 39755 | Spider:1 | Entered Level 1 of the Spider Nest
 39929 | Spider:1 | Reached skill level 14 in Polearms
 39944 | Lair:3   | Received a gift from Trog
 41342 | Spider:1 | Received a gift from Trog
 41392 | Spider:1 | Reached XP level 17. HP: 109/109 MP: 17/17
 42870 | Spider:2 | Noticed Arachne
 42883 | Spider:2 | Killed Arachne
 43490 | Spider:2 | Received a gift from Trog
 43639 | Spider:2 | Received a gift from Trog
 44800 | Spider:3 | Reached skill level 15 in Polearms
 45432 | Spider:3 | Received a gift from Trog
 46696 | Spider:4 | Entered Level 4 of the Spider Nest
 46755 | Spider:4 | Reached XP level 18. HP: 116/116 MP: 18/18
 47348 | Spider:4 | Noticed Louise
 47348 | Spider:4 | Cast into level 2 of the Abyss (Louise)
 47357 | Abyss:2  | Found a basalt altar of Yredelemnul.
 47444 | Abyss:2  | Received a gift from Trog
 47740 | Abyss:2  | Received a gift from Trog
 48054 | Abyss:2  | Reached skill level 15 in Bows
 48167 | Spider:4 | Escaped the Abyss
 48176 | Spider:4 | Killed Louise
 48313 | Spider:4 | Received a gift from Trog
 49343 | Spider:3 | Received a gift from Trog
 50934 | Spider:4 | Reached skill level 16 in Polearms
 51864 | Spider:4 | Received a gift from Trog
 51883 | Spider:4 | Got an ebony longbow {god gift}
 51884 | Spider:4 | Identified the +11 longbow of Nuatt {venom, rPois} (Trog gifted it to you on level 4 of the Spider Nest)
 52196 | Spider:4 | Got a gossamer rune of Zot
 52423 | Shoals:1 | Entered Level 1 of the Shoals
 52757 | Shoals:1 | Noticed Malvoorn's ghost (adept DsAK)
 52980 | Shoals:1 | Reached skill level 15 in Fighting
 53104 | Shoals:1 | Reached XP level 19. HP: 124/124 MP: 19/19
 53171 | Shoals:1 | Killed Malvoorn's ghost
 53664 | Shoals:2 | Received a gift from Trog
 53853 | Shoals:2 | Reached skill level 15 in Armour
 54142 | Shoals:2 | Got a fine chain mail
 54159 | Shoals:2 | Identified the cursed +0 chain mail of Recklessness {rPois Int+5} (You found it on level 2 of the Shoals)
 54366 | Shoals:2 | Received a gift from Trog
 55646 | Shoals:3 | Found Feluos's Gadget Shoppe.
 56093 | Shoals:4 | Entered Level 4 of the Shoals
 56737 | Shoals:4 | Got a barnacled rune of Zot
 56786 | Shoals:4 | Found Yfutoguw's Antique Weapon Shop.
 56913 | Shoals:4 | Noticed Polyphemus
 56940 | Shoals:4 | Killed Polyphemus
 56956 | Shoals:4 | Noticed Ilsuiw
 57005 | Shoals:4 | Received a gift from Trog
 58073 | Shoals:4 | Reached skill level 17 in Polearms
 58357 | Shoals:4 | Killed Ilsuiw
 58704 | D:13     | Reached XP level 20. HP: 131/131 MP: 20/20
 58725 | Vaults:1 | Entered Level 1 of the Vaults
 59735 | Vaults:1 | Received a gift from Trog
 60836 | Vaults:2 | Found Gesseraq's Antique Armour Shoppe.
 61231 | Vaults:2 | Bought a pair of runed boots for 172 gold pieces
 61231 | Vaults:2 | Bought a ruby-encrusted chain mail for 218 gold pieces
 61262 | Vaults:2 | Identified the +7 chain mail "Dassof" {rN++ Str+4} (You bought it in a shop on level 2 of the Vaults)
 61313 | Vaults:2 | Received a gift from Trog
 62092 | Vaults:2 | Found Oneikh's Magic Scroll Boutique.
 62112 | Vaults:2 | Bought a scroll of blinking for 97 gold pieces
 62112 | Vaults:2 | Bought a scroll of enchant armour for 97 gold pieces
 62618 | Vaults:3 | Paralysed by a sphinx for 4 turns
 62628 | Vaults:3 | Paralysed by a sphinx for 4 turns
 62639 | Vaults:3 | Paralysed by a great orb of eyes for 5 turns
 62912 | Vaults:3 | Received a gift from Trog
 63149 | Vaults:3 | Paralysed by a vampire knight for 3 turns
 63636 | Vaults:3 | Reached XP level 21. HP: 93/136 MP: 7/21
 63661 | Vaults:3 | Received a gift from Trog
 64140 | Vaults:3 | Found a staircase to the Crypt.
 64254 | Vaults:3 | Received a gift from Trog
 64782 | Vaults:3 | Received a gift from Trog
 65389 | Vaults:4 | Noticed Saint Roka
 66084 | Vaults:4 | Got a dazzling scale mail
 66095 | Vaults:4 | Identified the cursed +0 scale mail "Voray" {rF- rN++ rCorr Str+8} (You found it on level 4 of the Vaults)
 66494 | Vaults:4 | Reached skill level 18 in Polearms
 66554 | Vaults:4 | Killed Saint Roka
 66811 | Vaults:4 | Received a gift from Trog
 66820 | Vaults:4 | Mangled by a yaktaur captain

Vault maps used:
D:1:      minmay_arrival_five_plusses
D:2:      lemuel_doored_altar, nicolae_overflow_crystal_walls, led_sif_pool
D:3:      lemuel_castle_with_subvaults, first_bread
D:4:      kennysheep_mini_moat, serial_shops, shop, serial_column_ruins,
          column_ruins_columns_dead_end, column_ruins_open_small,
          column_ruins_grid_2, column_ruins_columns_dead_end
D:5:      temple_fountains, nicolae_ru_the_path_less_chosen
D:6:      minmay_cornered_nines
D:8:      lemuel_coloured_pillars_altar, minmay_overflow_temple_star_quad,
          serial_shops, nicolae_shop_trees, basic_altar, uniq_pikel,
          uniq_joseph, uniq_psyche
D:9:      lemuel_crystal_altar, minmay_st_funbox
D:10:     orc_0_dummy
D:11:     david_lair_shrubbed, uniq_harold
D:12:     serial_shops, kennysheep_mini, david_nohive_1, grunt_qazlal_sundering
D:13:     david_vaults_2, serial_shops, nicolae_shop_crystal
D:14:     minmay_stone_box, yredelemnul_altar_generic
D:15:     grunt_enter_depths_hoard, minmay_misc_feat_roman, grunt_tough_drop
Lair:1:   st_stairs_12
Lair:2:   lemuel_fruit_tree
Lair:3:   minmay_shoals_entry_beasts, nicolae_spider_entry_non_spiders,
          beast_lair_carwin_10
Lair:4:   enter_volcano_4, grunt_megastairs_4
Lair:5:   slime_dummy, grunt_megastairs_3, minmay_lair_oklob_chamber
Lair:6:   cheibrodos_lair_end_hotspot
Shoals:3: serial_shops, nicolae_shop_temple_entry_statues_fountains
Shoals:4: shoals_end_grunt_ice, shoals_ilsuiw_alternative, serial_shops, shop,
          uniq_polyphemus
Spider:1: spiders_nest_a, einodemon_crawler_minivault
Spider:2: uniq_arachne
Spider:4: spider_rune_water, uniq_louise
Orc:1:    serial_shops, shop, basic_altar
Orc:2:    grunt_orc_tribal_feast, serial_shops, shop,
          nicolae_orc_sculptors_studio, sword_in_stone
Vaults:1: nicolae_vaults_know_your_exits, nicolae_vaults_yaktaur_gun_rack,
          nicolae_vaults_little_squares_5, nicolae_vaults_specimen_jars,
          v_misc_25, grunt_vaults_twisty, ontoclasm_vaults_spin, v_misc_30,
          vaults_room_fours, hangedman_vaults_locks
Vaults:2: nicolae_vaults_little_squares_6, hangedman_vaults_corner_blocks,
          ontoclasm_vaults_decontamination, hangedman_vaults_pinch,
          hangedman_vaults_stitches, serial_ice_b, v_misc_14, v_misc_22,
          vaults_room_door_hall, v_misc_16, nicolae_vaults_little_squares_5,
          vaults_dpeg_ring, nicolae_vaults_statue_guard, serial_shops,
          nicolae_shop_crystal, nicolae_shop_trees
Vaults:3: minmay_crypt_entry_vampire_xt, st_lattice, v_pattern_5, v_misc_15,
          vaults_room_corners, nicolae_vaults_mini_display_case,
          nicolae_vaults_angled_halls, v_misc_2,
          nicolae_vaults_diagonal_hallway_8, vaults_room_door_ring,
          ontoclasm_vaults_pinch, nicolae_vaults_little_squares_6,
          vaults_room_semicircle
Vaults:4: vaults_room_fancy_cross, nicolae_vaults_ring_of_whatevers,
          hangedman_vaults_slither, v_misc_30, vaults_room_boxed,
          ontoclasm_vaults_hangar, vaults_dpeg_diagonal,
          nicolae_vaults_alarming, vaults_room_corners, uniq_saint_roka
Abyss:2:  evilmike_abyss_exit_10

Skill      XL: |  1  2  3  4  5  6  7  8  9 10 11 12 13 14 15 16 17 18 19 20 21 |
---------------+----------------------------------------------------------------+-----
Dodging        | 2 3 4 5 6 7 8 9 10 11 12 13 | 13.0
Armour         | 3 4 5 6 7 8 9 10 11 12 13 14 15 16 | 16.5
Fighting       | 4 5 7 8 9 10 11 12 13 14 15 16 | 16.6
Maces & Flails | 4 |  4.7
Polearms       | 2 5 6 8 9 10 11 12 13 14 15 16 17 18 | 18.1
Bows           | 4 6 8 10 12 13 14 15 16 17 | 17.9

Action                   |  1- 3 |  4- 6 |  7- 9 | 10-12 | 13-15 | 16-18 | 19-21 || total
-------------------------+-------+-------+-------+-------+-------+-------+-------++-------
Melee: Mace              |    87 |   194 |    47 |       |       |       |       ||   328
       Spear             |       |       |   480 |  1209 |   741 |       |       ||  2430
       Halberd           |       |       |       |       |   883 |  1462 |   484 ||  2829
       Glaive            |       |       |       |       |       |       |   490 ||   490
 Fire: Shortbow          |       |       |       |   262 |  1135 |  1139 |       ||  2536
       Longbow           |       |       |       |       |       |    71 |   876 ||   947
Invok: Berserk           |       |     1 |     2 |     9 |    13 |    15 |     5 ||    45
       Trog's Hand       |       |     1 |     1 |       |       |     1 |       ||     3
       Brothers in Arms  |       |       |     1 |       |     4 |     4 |     1 ||    10
       Burn Spellbooks   |       |       |     1 |       |     2 |     3 |     2 ||     8
 Abil: Fly               |       |       |       |       |     1 |     1 |       ||     2
       Stop Flying       |       |       |       |       |     1 |       |     1 ||     2
Evoke: Wand              |       |       |       |     1 |     6 |       |       ||     7
  Use: Scroll            |       |       |       |    11 |    17 |    10 |     7 ||    45
       Potion            |       |       |       |       |     1 |     3 |       ||     4
 Stab: Distracted        |       |       |       |       |     2 |     1 |       ||     3
  Eat: Chunk             |     2 |     5 |    15 |    44 |    81 |    69 |    46 ||   262
       Royal jelly       |       |     1 |       |     1 |       |       |       ||     2
       Fruit             |       |       |       |     6 |       |       |       ||     6
Armor: Animal skin       |    14 |     2 |       |       |       |       |       ||    16
       Chain mail        |       |   147 |   241 |    82 |   351 |  1479 |   816 ||  3116
       Scale mail        |       |       |       |   358 |   583 |       |       ||   941
Dodge: Dodged            |    55 |   124 |   209 |   456 |  1079 |  1514 |   933 ||  4370
